 Dungeon Crawl Stone Soup version 0.31-a0-876-gfe8ebadbca (webtiles) character file.

Game seed: 12067464554161848731

5390 greenreed the Basher (level 10, -4/159 HPs)
             Began as a Troll Berserker on Oct 13, 2023.
             Was an Elder of Trog.
             Slain by a sixfirhy (10 damage)
             ... summoned by a kobold demonologist
             ... on level 9 of the Dungeon.
             The game lasted 00:14:24 (6988 turns).

greenreed the Basher (Troll Berserker)              Turns: 6988, Time: 00:14:24

Health: -4/159     AC: 13    Str: 31    XL:     10   Next: 39%
Magic:  9/9        EV:  9    Int:  3    God:    Trog [****..]
Gold:   554        SH:  0    Dex:  9    Spells: 9/9 levels left

rFire   . . .        e - +2 whip (elec)
rCold   + + .        (no shield)
rNeg    . . .        i - +0 ice dragon scales
rPois   .            q - +2 hat
rElec   .            (no cloak)
rCorr   +            (gloves unavailable)
SInv    .            (boots unavailable)
Will    ++...        (no amulet) Stlth
                     f - ring of resist corrosion
HPRegen 2.26/turn    l - ring of protection from fire
MPRegen 0.11/turn

%: no passive effects
@: berserking, strong-willed, regenerating, slowed
A: large, unfitting armour, claws 3, regeneration 1, shaggy fur 1, tough skin 1
a: Renounce Religion, Berserk, Trog's Hand, Brothers in Arms


You were on level 9 of the Dungeon.
You worshipped Trog.
Trog was greatly pleased with you.
You visited 1 branch of the dungeon, and saw 9 of its levels.

You collected 554 gold pieces.

Inventory:

Hand Weapons
 a - a +0 mace
 e - a +2 whip of electrocution (weapon)
 w - a +4 morningstar
 z - the +6 war axe "Afedd" {flame, Dex+3}
   (You found it on level 8 of the Dungeon)

   Dex+3:     It affects your dexterity (+3).
Missiles
 v - a throwing net
Armour
 i - +0 ice dragon scales (worn)
 q - a +2 hat (worn)
Jewellery
 f - a ring of resist corrosion (left claw)
 l - a ring of protection from fire (right claw)
Wands
 m - a wand of polymorph (5)
Scrolls
 c - 2 scrolls of enchant armour {unknown}
 g - 3 scrolls of immolation {unknown}
 h - 10 scrolls of identify {unknown}
 j - a scroll of noise {unknown}
 o - a scroll of blinking {unknown}
 p - 2 scrolls of fog {unknown}
 s - 4 scrolls of teleportation {unknown}
 x - a scroll of silence {unknown}
 y - a scroll of poison {unknown}
 A - a scroll of enchant weapon {unknown}
Potions
 b - 2 potions of enlightenment {unknown}
 d - 3 potions of haste {unknown}
 k - 7 potions of curing {unknown}
 n - 4 potions of heal wounds {unknown}
 r - 3 potions of degeneration {unknown}
 t - a potion of attraction {unknown}
 u - 3 potions of might {unknown}
 B - a potion of brilliance {unknown}


   Skills:
 * Level 8.6 Fighting
 * Level 9.5 Maces & Flails
 + Level 6.3 Dodging


You had 9 spell levels left.
You didn't know any spells.
Your spell library was empty.

Dungeon Overview and Level Annotations

Branches:
Dungeon (9/15)             Temple (0/1) D:4            Lair (0/5) D:9
    Orc: D:9-12

Altars:
Ashenzari
Dithmenos
Elyvilon
Kikubaaqudgha
Makhleb
Nemelex Xobeh
Qazlal
Sif Muna
Uskayaw
Yredelemnul
Zin

Shops:
D:3 [   D:5 *   D:7 [


Innate Abilities, Weirdness & Mutations

You are too large for most types of armour.
You have claws for hands.
Your natural rate of healing is unusually fast.
You are covered in fur. (AC +1)
You have tough skin. (AC +1)


Message History

The kobold brigand barely misses you.
You closely miss the kobold brigand.
The kobold brigand is lightly wounded.
The kobold brigand hits you but does no damage.
The sixfirhy hits you! The sixfirhy shocks you!
The crimson imp blinks!
You fail to use your ability.
The sixfirhy closely misses you.
Your skin crawls.
You feel strong-willed.
The sixfirhy hits you but does no damage.
The sixfirhy hits you! The sixfirhy shocks you!
The sixfirhy completely misses you. The sixfirhy closely misses you.
The sixfirhy hits you. The sixfirhy shocks you!
* * * LOW HITPOINT WARNING * * *
The kobold demonologist gestures wildly while chanting.
The sixfirhy hits you but does no damage.
A red film seems to cover your vision as you go berserk!
You feel yourself moving faster!
You feel mighty!
The crimson imp disappears in a puff of smoke!
The sixfirhy barely misses you.
You closely miss the sixfirhy. You whack the sixfirhy!
The sixfirhy is moderately wounded.
You closely miss the sixfirhy.
The sixfirhy is moderately wounded.
The sixfirhy barely misses you. The sixfirhy hits you. The sixfirhy shocks you!
* * * LOW HITPOINT WARNING * * *
The sixfirhy hits you!
* * * LOW HITPOINT WARNING * * *
The sixfirhy shocks you!
* * * LOW HITPOINT WARNING * * *
You miss the sixfirhy.
The sixfirhy is moderately wounded.
The sixfirhy hits you.
* * * LOW HITPOINT WARNING * * *
The sixfirhy shocks you!
* * * LOW HITPOINT WARNING * * *
The sixfirhy hits you.
* * * LOW HITPOINT WARNING * * *
The sixfirhy shocks you!
You die...

###########
######.........#########
................@3KKK5..
............######KKK5..
............#... K5...
........####.^.. #...
........##...... ..
#####...#†....... .
....+....†.P.....
....#.#.......>..
....#.#.........


You could see a kobold demonologist, a sixfirhy (summoned), 2 kobold brigands, a
quasit (summoned), a crimson imp (summoned), a shadow imp (summoned) and 4
kobolds.

Vanquished Creatures
  Pikel (D:3)
  A manticore (D:9)
  A troll (D:9)
  Sigmund (D:6)
  4 wyverns
  A yak (D:9)
  Eustachio (D:5)
  A steam dragon (D:7)
  Menkaure (D:7)
  2 black bears (D:9)
  4 ice beasts
  An ogre (D:4)
  A phantom (D:6)
  3 kobold brigands
  2 bullfrogs (D:8)
  5 scorpions (D:6)
  3 wights (D:7)
  11 killer bees (D:8)
  3 howler monkeys (D:8)
  3 gnoll boudas
  2 hounds
  6 orc priests
  Crazy Yiuf (D:7)
  A sleepcap (D:5)
  An iguana (D:6)
  4 orc wizards
  27 gnolls
  11 adders
  2 shadow imps (D:7)
  2 ufetubi (D:6)
  2 dart slugs
  24 orcs
  6 ball pythons
  6 bats
  8 endoplasms
  10 giant cockroaches
  6 goblins
  13 hobgoblins
  3 jackals (D:1)
  48 kobolds
  4 quokkas
  2 frilled lizards (D:1)
  5 rats
244 creatures vanquished.

Notes
Turn   | Place    | Note
-------+----------+-------------------------------------------
     0 | D:1      | greenreed the Troll Berserker began the quest for the Orb.
     0 | D:1      | Reached XP level 1. HP: 22/22 MP: 0/0
   126 | D:1      | Reached XP level 2. HP: 29/29 MP: 1/1
   164 | D:1      | Reached skill level 3 in Maces & Flails
   387 | D:1      | Reached XP level 3. HP: 36/36 MP: 2/2
   401 | D:1      | Reached ** piety under Trog
   776 | D:2      | Reached XP level 4. HP: 37/45 MP: 3/3
  1225 | D:3      | Found a faded altar of an unknown god.
  1418 | D:3      | Found Onnox's Armour Shoppe.
  1604 | D:3      | Reached *** piety under Trog
  1609 | D:3      | Reached XP level 5. HP: 49/53 MP: 4/4
  1654 | D:3      | Reached skill level 4 in Maces & Flails
  1816 | D:3      | Reached XP level 6. HP: 62/62 MP: 5/5
  2217 | D:4      | Noticed Pikel
  2246 | D:3      | Killed Pikel
  2247 | D:3      | Reached skill level 5 in Fighting
  2247 | D:3      | Reached skill level 5 in Maces & Flails
  2247 | D:3      | Reached XP level 7. HP: 69/72 MP: 6/6
  2361 | D:4      | Found a staircase to the Ecumenical Temple.
  2474 | D:4      | Found a sparkling altar of Nemelex Xobeh.
  2521 | D:4      | Reached **** piety under Trog
  2539 | D:4      | Found a stormy altar of Qazlal.
  2541 | D:4      | Noticed a fire elemental
  2541 | D:4      | Noticed a water elemental
  2541 | D:4      | Noticed an air elemental
  2840 | D:5      | Entered Level 5 of the Dungeon
  2855 | D:5      | Found a hide-covered altar of Uskayaw.
  2869 | D:5      | Found Waasug's Assorted Antiques.
  2888 | D:5      | Reached skill level 6 in Maces & Flails
  2934 | D:5      | Reached XP level 8. HP: 75/81 MP: 7/7
  3003 | D:5      | Noticed Eustachio
  3026 | D:5      | Killed Eustachio
  3069 | D:5      | Found a shimmering blue altar of Sif Muna.
  3223 | D:5      | Identified the +3 scale mail of Setesuuxuu {+Inv rN+ Dex+3}
  3447 | D:6      | Found a shadowy altar of Dithmenos.
  3566 | D:6      | Noticed Sigmund
  3570 | D:6      | Killed Sigmund
  3589 | D:6      | Reached skill level 7 in Maces & Flails
  3738 | D:6      | Identified the +0 pair of boots "Beeth" {Str+2 Int+6}
  3837 | D:6      | Reached skill level 5 in Dodging
  3837 | D:6      | Reached XP level 9. HP: 57/92 MP: 8/8
  4400 | D:7      | Found a broken altar of Ashenzari.
  4547 | D:7      | Found a white marble altar of Elyvilon.
  4594 | D:7      | Found a transporter.
  4594 | D:7      | Found Zusuw's Armour Boutique.
  4596 | D:7      | Found a transporter.
  4650 | D:7      | Reached skill level 8 in Maces & Flails
  4673 | D:7      | Noticed Menkaure
  4684 | D:7      | Killed Menkaure
  4684 | D:7      | Reached ***** piety under Trog
  4887 | D:7      | Found an ancient bone altar of Kikubaaqudgha.
  4974 | D:7      | Found a runed translucent door.
  4975 | D:7      | Noticed Crazy Yiuf
  5092 | D:7      | Killed Crazy Yiuf
  5492 | D:8      | Found a burning altar of Makhleb.
  5495 | D:8      | Found a glowing silver altar of Zin.
  5495 | D:8      | Noticed an angel
  5496 | D:8      | Noticed an Executioner
  5597 | D:8      | HP: 7/144 [poisoned by a killer bee]
  5793 | D:8      | Identified the +6 war axe "Afedd" {flame, Dex+3}
  5984 | D:8      | Reached XP level 10. HP: 101/104 MP: 9/9
  5997 | D:8      | Reached skill level 9 in Maces & Flails
  6682 | D:9      | Found a basalt altar of Yredelemnul.
  6786 | D:9      | Noticed a manticore
  6813 | D:9      | Killed a manticore
  6907 | D:9      | Found a staircase to the Lair.
  6978 | D:9      | Noticed a sixfirhy
  6988 | D:9      | HP: 7/159 [sixfirhy[a kobold demonologist] (11)]
  6988 | D:9      | Slain by a sixfirhy

Illustrated notes

Levels and vault maps discovered:
D:1:      eino_arrival_druids_welcome, layout_rooms, minmay_worlds_worst_comb
D:2:      minmay_razor_zed, layout_rooms
D:3:      minmay_goblin_kobold_castle, layout_basic,
          shapermc_ecumenical_altar_venn, serial_shops, shop,
          nrook_loot_triangle, minmay_misc_feat_rows
D:4:      layout_basic, nicolae_qazlal_style_of_elements, nemelex_altar_shiori,
          minmay_temple_entry_hall, uniq_pikel
D:5:      layout_rooms, kennysheep_orc_sif_temple,
          nicolae_uskayaw_murder_on_the_dancefloor, serial_shops,
          nicolae_shop_overgrown_old_shop, serial_rivers,
          chequers_serial_rivers_small_3, chequers_serial_rivers_micro_b,
          chequers_serial_rivers_micro_c, chequers_serial_rivers_micro_c,
          chequers_serial_rivers_micro_b, chequers_serial_rivers_small_b,
          uniq_eustachio
D:6:      layout_basic, mainiacjoe_overflow_paths, uniq_sigmund
D:7:      layout_basic, nicolae_kikubaaqudgha_miasma_corner, elyvilon_altar_5,
          evilmike_ruin_ashenzari, serial_shops, nicolae_shop_drivethru,
          uniq_menkaure, uniq_crazy_yiuf_cottage
D:8:      layout_basic, grunt_temple_overflow_order_and_chaos_2,
          roderic_serpentine_path
D:9:      layout_irregular_city, lemuel_round_altar,
          nicolae_overflow_macrodata_refinement, david_lair_generic

Skill      XL: |  1  2  3  4  5  6  7  8  9 10 |
---------------+-------------------------------+-----
Maces & Flails | 3 4 5 6 7 8 9 |  9.5
Fighting       | 3 5 6 8 |  8.6
Dodging        | 3 4 5 6 |  6.3

Action                     |  1- 3 |  4- 6 |  7- 9 | 10-12 || total
---------------------------+-------+-------+-------+-------++-------
  Melee: Mace              |    39 |       |       |       ||    39
         Whip              |   100 |   207 |   421 |    94 ||   822
         Punch             |       |     2 |     3 |     1 ||     6
 Invoke: Berserk           |       |     3 |     4 |     2 ||     9
         Trog's Hand       |       |       |     2 |     2 ||     4
 Armour: Animal skin       |    96 |       |       |       ||    96
         Ice dragon scales |    16 |   209 |   267 |    84 ||   576
  Dodge: Dodged            |   103 |    81 |   131 |    36 ||   351

Table legend: (Time is in decaauts)
 A = Elapsed time spent in this place.
 B = Non-inter-level travel time spent in this place.
 C = Inter-level travel time spent in this place.
 D = Time resting spent in this place.
 E = Time spent auto-exploring this place.
 F = Levels seen in this place.
 G = Mean time per level.
                   A        B        C        D        E       F      G
               +--------+--------+--------+--------+--------+-----+--------+
         Total |   6904 |   6565 |    339 |    225 |   4967 |   9 |  767.1 |
       Dungeon |   6904 |   6565 |    339 |    225 |   4967 |   9 |  767.1 |
               +--------+--------+--------+--------+--------+-----+--------+

Top non-repeatable levels by time:
     D:8: 1275 daAuts
     D:3: 1200 daAuts
     D:6: 962 daAuts
     D:7: 832 daAuts
     D:2: 575 daAuts
     D:4: 568 daAuts
     D:5: 538 daAuts
     D:1: 493 daAuts
     D:9: 456 daAuts
